Map: Incorporeal LE

Players

Zystem

  • Race: Protoss Protoss
  • League: Diamond
  • Spawn Location: 5:00

A.I. 1 (Very Easy) - Winner!

  • Race: Terran Terran
  • Spawn Location: 11:00

VOD

Have the link to the VOD?

Description

Time

  • Played on: July 7, 2025, 3:49 p.m.
  • Length: 3:35
Show
View Real Time Build Order
Export as new Build Order

Zystem Protoss 

Build Orders:  

Get SALT Encoding   

  12  0:00  Probe  
  13  0:12  Probe  
  14  0:17  Pylon  
  14  0:25  Probe  
  15  0:31  Assimilator  
  15  0:36  Probe, Gateway  
  16  0:46  Assimilator  
  16  0:47  Probe  
  17  0:57  Probe  
  17  1:00  Assimilator  
  18  1:05  Probe  
  19  1:11  Pylon  
  19  1:13  Probe  
  20  1:24  Probe  
  20  1:25  Cybernetics Core  
  21  1:36  Probe  
  22  1:41  Gateway  
  22  1:51  Probe  
  23  2:01  Sentry  
  25  2:06  Probe  
  26  2:13  Immortal  
  26  2:28  Sentry  
  28  3:02  Stalker x2  
Show
View Real Time Build Order
Export as new Build Order

A.I. 1 (Very Easy) Terran - Winner!

Build Orders:  

Get SALT Encoding   

  12  0:00  SCV  
  13  0:13  SCV  
  14  0:18  Supply Depot  
  14  0:36  Refinery  
  14  0:42  Barracks  
  14  1:03  Supply Depot  
  14  1:12  Refinery  
  14  1:29  Barracks Tech Lab  
  14  1:30  Orbital Command  
  14  1:47  Marine  
  15  1:56  SCV  
  17  2:08  SCV  
  17  2:20  SCV  
  18  2:32  Marine, SCV  
  20  2:44  SCV  
  21  2:56  SCV  
  22  3:07  Marine  
  22  3:10  Supply Depot  
Tags
 
League
Diamond
Matchup
PvT
Spawn Locations
Cross Positions
Add a new tag
Caveats
  • Supply blocks, unpowered buildings, or Contaminate may cause inaccurate times.
  • Supply counts are checked every 10 seconds.